AoeStats
← Koti

Black Forest

510570168Analyzed
4v4 RM · 12h ago on Oct 1, 2026· 43m 40s· 8 players
Game mode
Random Map
Map size
Large (8 player)
Population
200
Speed
Normal
Resources
Standard
Victory
Conquest
Starting age
Dark Age
Ending age
Imperial Age
RankedLock teamsTeams togetherTeam positionsShared explorationLock speedFull tech treeHidden civsTurbo modeCheats
Victory
Defeat
🇮🇳 Slavs · India
1585
+18
🇫🇷 Mongols · France
1579
+18
🇹🇷 Portuguese · Türkiye
1564
+19
🇨🇦 Persians · Canada
1520
+20
🇹🇼 Turks · Taiwan
1649
-20
🇫🇮 Poles · Finland
1648
-20
🇦🇺 Georgians · Australia
1610
-18
🇹🇷 Bulgarians · Türkiye
1589
-17
m1gzu
7:18 Loom
10:38 Feudal Age
10:42 Man-at-Arms
11:30 Double-Bit Axe
15:07 Horse Collar
16:49 Fletching
22:27 Castle Age
20:34 Gold Mining
20:34 Stone Mining
22:01 Padded Archer Armor
23:12 Wheelbarrow
22:32 Crossbowman
23:09 Bodkin Arrow
26:42 Heavy Plow
28:16 Hand Cart
27:46 Town Watch
27:59 Stone Mining
32:58 Imperial Age
31:19 Szlachta Privileges
32:17 Bow Saw
32:16 Husbandry
33:08 Bloodlines
33:26 Scale Barding Armor
34:18 Leather Archer Armor
34:25 Chain Barding Armor
35:17 Cavalier
36:56 Forging
36:46 Scale Mail Armor
Professor4K
11:17 Feudal Age
14:55 Castle Age
13:03 Double-Bit Axe
13:35 Horse Collar
15:53 Bow Saw
16:34 Bow Saw
19:14 Heavy Plow
23:38 Loom
29:02 Imperial Age
28:02 Wheelbarrow
27:18 Gold Mining
28:33 Gold Shaft Mining
28:20 Scale Mail Armor
28:26 Stone Mining
28:23 Town Watch
28:59 Hand Cart
28:19 Pikeman
29:01 Squires
29:03 Arson
29:34 Chain Mail Armor
29:07 Halberdier
29:21 Halberdier
30:32 Plate Mail Armor
29:54 Capped Ram
31:13 Forging
30:54 Siege Ram
31:10 Onager
31:59 Siege Engineers
32:27 Conscription
33:20 Iron Casting
34:58 Chemistry
33:47 Arson
35:03 Blast Furnace
33:27 Siege Ram
35:50 Coinage
34:55 Siege Onager
37:29 Banking
37:37 Masonry
38:01 Scale Barding Armor
39:27 Caravan
44:17 Redemption
Mau5
8:34 Loom
11:00 Feudal Age
12:26 Double-Bit Axe
16:38 Castle Age
14:56 Fishing Lines
24:43 Gillnets
27:17 Loom
28:08 Wheelbarrow
30:44 Imperial Age
28:51 Bow Saw
28:54 Scale Mail Armor
29:05 Forging
29:46 Chain Mail Armor
30:25 Iron Casting
30:52 Stone Mining
31:05 Gold Mining
30:36 Pikeman
31:17 Squires
32:46 Blast Furnace
32:17 Plate Mail Armor
32:10 Conscription
31:42 Halberdier
32:18 Fletching
32:20 Onager
33:17 Padded Archer Armor
33:53 Siege Engineers
35:00 Scale Barding Armor
34:16 Elite Monaspa
37:20 Chain Barding Armor
37:12 Bloodlines
37:03 Husbandry
37:20 Fortified Wall
39:41 Svan Towers
YiMia
0:55 Loom
12:04 Feudal Age
16:44 Castle Age
23:05 Imperial Age
20:29 Fishing Lines
20:46 Double-Bit Axe
27:19 Wheelbarrow
27:26 Bow Saw
29:56 Gillnets
30:48 Artillery
31:10 Fletching
31:42 Town Watch
35:31 Bombard Tower
36:00 Bodkin Arrow
37:04 Bracer
39:02 Padded Archer Armor
39:27 Horse Collar
Funkyton
11:25 Feudal Age
14:58 Castle Age
13:25 Double-Bit Axe
17:24 Bow Saw
18:39 Fishing Lines
19:27 Gillnets
21:16 Horse Collar
21:31 Loom
22:46 Wheelbarrow
21:57 Town Watch
23:23 Hand Cart
23:33 Heavy Plow
25:29 Gold Mining
25:30 Stone Mining
28:42 Imperial Age
27:42 Scale Barding Armor
27:47 Forging
29:20 Bloodlines
30:14 Chemistry
29:52 Chain Barding Armor
30:08 Iron Casting
28:58 Cavalier
29:40 Husbandry
29:57 Caravan
30:28 Coinage
31:00 Savar
32:22 Plate Barding Armor
33:27 Blast Furnace
36:01 Conscription
35:51 Onager
36:08 Light Cavalry
37:12 Citadels
37:24 Hussar
39:15 Gold Shaft Mining
42:58 Banking
42:39 Guilds
Koti
5:25 Loom
8:48 Feudal Age
9:28 Double-Bit Axe
12:09 Fletching
14:28 Padded Archer Armor
16:32 Horse Collar
19:30 Wheelbarrow
23:12 Castle Age
24:16 Bow Saw
24:07 Heavy Plow
24:13 Bodkin Arrow
28:55 Imperial Age
27:59 Leather Archer Armor
29:44 Bracer
30:58 Chemistry
30:39 Husbandry
35:10 Ballistics
36:31 Caravan
36:50 Hand Cart
36:28 Gold Mining
36:55 Nomads
38:50 Thumb Ring
38:57 Stone Mining
41:55 Conscription
41:22 Elite Mangudai
42:58 Bloodlines
anshumessi420
9:02 Loom
12:02 Feudal Age
12:37 Double-Bit Axe
15:39 Castle Age
17:17 Double-Bit Axe
21:29 Horse Collar
22:20 Fishing Lines
23:00 Heavy Plow
26:54 Bow Saw
27:15 Gillnets
28:35 Gold Mining
29:25 Wheelbarrow
31:32 Imperial Age
28:53 Man-at-Arms
29:33 Squires
29:34 Scale Mail Armor
30:21 Hand Cart
29:53 Long Swordsman
30:49 Chain Mail Armor
31:29 Gold Shaft Mining
31:30 Forging
31:47 Caravan
32:00 Stone Mining
31:35 Two-Handed Swordsman
32:46 Plate Mail Armor
32:52 Iron Casting
33:08 Coinage
32:30 Champion
33:07 Town Watch
34:29 Banking
35:14 Blast Furnace
36:39 Conscription
37:15 Onager
38:00 Druzhina
38:45 Capped Ram
38:45 Onager
40:34 Chemistry
39:55 Ballistics
39:49 Masonry
40:06 Siege Engineers
LonzoWall
0:39 Loom
10:31 Feudal Age
11:25 Double-Bit Axe
13:29 Town Watch
20:23 Castle Age
18:46 Fishing Lines
20:18 Gold Mining
21:15 Bow Saw
20:57 Gillnets
25:27 Imperial Age
24:52 Fortified Wall
27:07 Chemistry
26:15 Fletching
30:56 Siege Engineers
32:37 Padded Archer Armor
38:10 Conscription
39:19 Arquebus
Connection lost

Rejoining the realm…

Still unreachable

The connection could not be restored.

Session expired

The server has moved on; the page needs a fresh start.